Map: Heavy Artillery LE

Players

EcoRI

  • Race: Zerg Zerg
  • Spawn Location: 7:00

BamHI

  • Race: Protoss Protoss
  • Spawn Location: 7:00

Massa - Winner!

  • Race: Terran Terran
  • League: Platinum
  • Spawn Location: 3:00

qqq - Winner!

  • Race: Protoss Protoss
  • Spawn Location: 1:00

VOD

Have the link to the VOD?

Description

Time

  • Played on: Oct. 26, 2020, 4:18 p.m.
  • Length: 12:44
Show
View Real Time Build Order
Export as new Build Order

EcoRI Zerg 

Build Orders: Hatch First 

Get SALT Encoding   

  12  0:06  Drone  
  13  0:18  Overlord  
  13  0:23  Drone  
  14  0:39  Drone x2  
  17  0:42  Drone  
  17  0:56  Hatchery  
  16  0:58  Drone  
  17  1:10  Drone  
  18  1:18  Extractor, Spawning Pool  
  16  1:34  Drone x3  
  19  1:46  Drone  
  20  1:57  Overlord  
  20  2:07  Drone  
  20  2:08  Queen x2  
  23  2:10  Zergling x2  
  26  2:20  Drone  
  26  2:21  Drone  
  29  2:30  Drone  
  29  2:31  Drone  
  29  2:34  Metabolic Boost  
  30  2:48  Zergling x4  
  32  2:55  Overlord  
  32  3:05  Lair  
  32  3:06  Zergling x6  
  35  3:27  Drone  
  35  3:28  Drone x8  
  35  3:30  Overlord  
  44  3:48  Overlord  
  44  3:51  Drone x3, Queen  
  49  3:57  Extractor  
  49  3:58  Drone x4  
  49  4:01  Extractor, Drone  
  52  4:04  Extractor  
  50  4:25  Drone  
  50  4:26  Drone x4  
  50  4:29  Drone  
  56  4:35  Drone x3  
  59  4:40  Infestation Pit  
  59  4:41  Evolution Chamber  
  59  4:42  Evolution Chamber  
  56  4:56  Drone  
  56  4:57  Drone x3  
  60  5:02  Overlord  
  60  5:15  Zerg Melee Weapons Level 1  
  60  5:16  Zerg Ground Armor Level 1  
  62  5:23  Hatchery  
  62  5:26  Hive  
  59  5:29  Hatchery  
  58  5:39  Overlord x2  
  58  5:41  Zergling x16  
  66  5:46  Overlord  
  66  5:51  Spore Crawler  
  66  5:54  Spore Crawler x2  
  66  5:56  Drone  
  66  5:57  Drone x3  
  66  5:59  Spore Crawler  
  66  6:08  Overlord  
  66  6:09  Overlord  
  66  6:15  Drone  
  67  6:45  Queen x3  
  73  6:47  Drone x9  
  73  6:50  Adrenal Glands  
  82  6:56  Ultralisk Cavern  
  82  6:58  Drone x2  
  82  6:59  Drone  
  82  7:00  Drone, Queen, Baneling Nest  
  86  7:10  Overlord  
  86  7:12  Drone  
  86  7:13  Drone x2  
  86  7:14  Drone  
  90  7:20  Queen  
  90  7:22  Zerg Melee Weapons Level 2  
  92  7:23  Zerg Ground Armor Level 2  
  92  7:39  Infestor x5  
  100  7:48  Overlord  
  100  7:49  Overlord x6  
  100  7:53  Spore Crawler  
  100  7:56  Spore Crawler  
  98  8:00  Spore Crawler  
  98  8:02  Spore Crawler  
  98  8:04  Spore Crawler  
  95  8:07  Spore Crawler  
  95  8:08  Spore Crawler  
  90  8:14  Zergling x22  
  101  8:22  Burrow  
  101  8:24  Chitinous Plating  
  101  8:26  Ultralisk  
  107  8:33  Baneling x3  
  107  8:34  Baneling x2  
  107  8:35  Baneling x2  
  107  8:36  Baneling  
  107  8:40  Extractor  
  107  8:41  Extractor  
  99  9:04  Infestor x2  
  99  9:07  Overlord x2  
  99  9:08  Zergling x14  
  99  9:09  Zergling x12  
  116  9:16  Centrifical Hooks  
  116  9:19  Drone x3  
  119  9:27  Drone  
  119  9:28  Drone x3, Extractor x2  
  121  9:42  Pathogen Glands  
  121  9:48  Ultralisk  
  121  9:49  Zergling x2  
  121  9:50  Zergling x8  
  132  9:58  Overlord x3  
  132  10:01  Drone  
  132  10:02  Drone x3  
  136  10:13  Overlord x4  
  136  10:14  Overlord x5  
  102  10:40  Zergling x2  
  102  10:41  Zergling x26  
  102  10:42  Zergling x6  
  95  10:51  Zergling x2  
  95  10:52  Zergling x2  
  89  11:00  Zergling x6, Ultralisk x2  
  95  11:23  Zergling x12  
  95  11:25  Zergling x2  
  89  11:44  Ultralisk x2  
  89  11:45  Zergling x4  
  92  12:08  Spire  
  83  12:28  Hatchery  
  72  12:34  Hatchery  
Show
View Real Time Build Order
Export as new Build Order

BamHI Protoss 

Build Orders:  

Get SALT Encoding   

  12  0:15  Probe  
  13  0:27  Probe, Pylon  
  14  0:39  Probe  
  15  0:49  Gateway  
  15  0:52  Assimilator  
  15  0:56  Pylon  
  15  0:57  Probe (Chrono Boost)  
  16  1:08  Probe (Chrono Boost)  
  17  1:13  Probe (Chrono Boost)  
  18  1:32  Probe  
  19  1:39  Cybernetics Core  
  19  1:44  Probe  
  20  1:56  Probe  
  20  1:58  Zealot  
  23  2:06  Assimilator  
  24  2:08  Probe  
  24  2:10  Warp Gate (Chrono Boost)  
  24  2:20  Probe  
  25  2:44  Stalker  
  25  2:49  Probe  
  28  2:58  Pylon  
  28  3:01  Probe, Gateway  
  28  3:02  Gateway  
  29  3:14  Probe  
  30  3:25  Pylon  
  30  3:26  Probe  
  31  3:28  Nexus  
  31  3:49  Gateway  
  31  3:54  Robotics Facility  
  31  3:56  Pylon  
  31  4:02  Probe  
  32  4:08  Assimilator  
  32  4:10  Assimilator  
  32  4:14  Probe  
  33  4:17  Pylon  
  33  4:26  Probe  
  34  4:41  Pylon  
  34  4:42  Observer (Chrono Boost), Forge  
  35  4:54  Probe  
  35  4:56  Observer (Chrono Boost)  
  35  4:57  Probe  
  39  5:09  Probe (Chrono Boost)  
  39  5:10  Probe (Chrono Boost)  
  40  5:14  Pylon  
  40  5:19  Pylon  
  40  5:21  Probe (Chrono Boost)  
  41  5:25  Stalker x3  
  41  5:26  Stalker  
  49  5:30  Probe (Chrono Boost)  
  49  5:31  Probe (Chrono Boost)  
  51  5:36  Protoss Ground Weapons Level 1  
  51  5:41  Probe x2 (Chrono Boost)  
  53  5:44  Photon Cannon  
  53  5:45  Probe (Chrono Boost)  
  53  5:46  Probe (Chrono Boost)  
  53  6:20  Stalker x2  
  53  6:21  Stalker x2  
  53  6:24  Pylon  
  55  6:39  Photon Cannon  
  53  6:40  Photon Cannon  
  53  6:49  Stalker x3  
  59  6:55  Probe x2  
  61  7:07  Probe x2  
  63  7:25  Nexus  
  63  7:32  Robotics Bay  
  63  7:44  Stalker x3  
  65  7:45  Protoss Ground Armor Level 1 (Chrono Boost), Stalker  
  65  7:51  Twilight Council  
  71  7:52  Probe  
  71  7:55  Probe  
  73  8:00  Probe  
  73  8:08  Probe  
  73  8:11  Probe, Pylon  
  75  8:20  Probe  
  76  8:50  Blink (Chrono Boost)  
  76  9:13  Templar Archives  
  78  9:25  Probe x2 (Chrono Boost)  
  78  9:26  Probe (Chrono Boost)  
  78  9:29  Protoss Shields Level 1  
  79  9:33  Pylon  
  79  9:34  Pylon  
  79  9:36  Probe (Chrono Boost)  
  79  9:38  Probe x2 (Chrono Boost)  
  82  9:41  Probe (Chrono Boost)  
  82  9:43  Psionic Storm  
  83  9:46  Probe x2  
  85  9:55  Forge  
  85  9:58  Probe x2  
  87  10:09  Probe  
  87  10:10  Probe x2  
  90  10:15  Assimilator x2  
  90  10:20  Photon Cannon  
  90  10:21  Probe  
  91  10:22  Probe x2  
  91  10:24  Photon Cannon  
  91  10:28  Photon Cannon  
  81  11:14  High Templar x3  
  81  11:15  High Templar  
  85  11:25  Gateway x2  
  79  11:26  Gateway  
  79  11:29  Gateway, Pylon  
  79  11:32  Pylon  
  62  11:51  Zealot  
  62  11:52  Zealot  
  66  11:54  Stalker  
  66  11:55  Stalker  
  70  12:12  Stalker  
  70  12:13  Stalker  
  71  12:22  Stalker  
  71  12:23  Stalker x4  
Show
View Real Time Build Order
Export as new Build Order

Massa Terran - Winner!

Build Orders: Gas First Reaper Expand 

Get SALT Encoding   

  12  0:00  SCV  
  13  0:12  SCV  
  14  0:24  SCV  
  14  0:25  Supply Depot  
  15  0:32  Refinery  
  15  0:46  SCV  
  15  0:47  Barracks  
  16  0:59  SCV  
  17  1:11  SCV  
  18  1:23  SCV  
  19  1:34  Reaper  
  19  1:36  Orbital Command  
  20  1:46  Command Center  
  20  2:01  SCV  
  20  2:06  Marine  
  22  2:14  SCV  
  23  2:39  Barracks Reactor  
  23  2:40  Supply Depot  
  23  2:44  Command Center  
  23  2:56  Factory  
  23  2:58  SCV  
  24  3:01  Orbital Command  
  24  3:02  Refinery  
  24  3:10  SCV  
  25  3:13  Engineering Bay  
  25  3:18  Marine x2  
  27  3:22  SCV  
  28  3:27  SCV  
  29  3:34  SCV  
  29  3:39  SCV  
  31  3:47  Marine x2  
  33  3:50  SCV  
  33  3:51  SCV  
  35  3:55  Missile Turret  
  35  3:57  Factory Tech Lab, Missile Turret  
  35  3:58  Orbital Command  
  35  4:02  SCV, Missile Turret  
  36  4:04  SCV  
  36  4:06  Starport  
  36  4:07  Marine x2  
  39  4:15  Siege Tank  
  42  4:17  SCV x2  
  44  4:25  Supply Depot  
  44  4:27  Supply Depot  
  44  4:29  SCV  
  44  4:32  Marine x2  
  46  4:38  SCV  
  46  4:41  SCV x2  
  49  4:46  Medivac  
  49  4:47  Siege Tank  
  49  4:49  Marine  
  49  4:50  SCV  
  49  4:52  Marine  
  56  4:58  Refinery  
  56  4:59  Refinery  
  57  5:03  SCV x2  
  57  5:04  SCV  
  60  5:07  Marine  
  60  5:10  Marine  
  62  5:15  SCV x2  
  62  5:16  Barracks  
  62  5:19  Siege Tank  
  67  5:25  Marine  
  67  5:28  Marine  
  68  5:32  SCV x3  
  72  5:43  Marine  
  72  5:44  SCV, Command Center  
  74  5:53  SCV  
  74  5:56  SCV  
  76  5:59  Orbital Command  
  76  6:05  SCV  
  77  6:21  Barracks Tech Lab, Armory, Supply Depot x2  
  77  6:22  Terran Infantry Armor Level 1, Supply Depot  
  77  6:26  Starport Reactor, Engineering Bay  
  77  6:42  SCV x2, Marine x2, Siege Tank  
  77  6:44  Supply Depot  
  84  6:47  Supply Depot x2  
  84  6:49  Stimpack  
  84  6:54  SCV  
  84  6:55  Marauder  
  84  7:00  Marine x2  
  89  7:03  Barracks x2  
  89  7:04  Barracks  
  89  7:05  Barracks  
  89  7:07  Barracks  
  89  7:10  Supply Depot  
  89  7:14  Siege Tank  
  92  7:16  Marauder  
  92  7:18  Marine  
  95  7:37  Marauder, Marine x2  
  94  7:41  SCV  
  94  7:42  SCV x2  
  101  7:46  Siege Tank  
  104  7:53  SCV  
  104  7:54  SCV x2, Marine x2  
  104  7:55  Barracks Reactor, Barracks Tech Lab  
  104  7:56  Barracks Reactor, Barracks Tech Lab  
  104  7:57  Barracks Tech Lab  
  109  7:59  Marauder  
  111  8:05  SCV  
  111  8:06  SCV x2  
  111  8:08  Liberator x2  
  111  8:12  Marine x2  
  120  8:16  Combat Shield  
  120  8:17  SCV  
  120  8:18  SCV x2, Siege Tank  
  128  8:20  Marauder  
  128  8:23  Refinery  
  128  8:25  Refinery  
  130  8:27  Supply Depot  
  130  8:29  Concussive Shells, Supply Depot x3  
  130  8:30  SCV x3, Marine  
  134  8:38  Missile Turret  
  134  8:42  SCV x2, Marauder  
  134  8:46  Marauder x3  
  134  8:47  Marine x2  
  134  8:48  Marine  
  147  8:50  SCV  
  147  8:51  Liberator  
  147  8:52  Supply Depot x2  
  147  8:54  SCV  
  152  8:59  Planetary Fortress  
  152  9:02  SCV  
  154  9:03  Marauder  
  155  9:12  Marauder x2, Marine x5  
  155  9:13  Marauder, Marine  
  167  9:24  Marauder  
  167  9:27  Liberator  
  167  9:30  Marine x4  
  176  9:33  Marauder  
  176  9:34  Marauder x2, Liberator, Terran Infantry Weapons Level 1  
  185  9:49  SCV  
  185  9:50  SCV x3  
  189  10:01  SCV  
  189  10:02  SCV x3  
  193  10:10  Liberator  
  196  10:31  SCV x4  
  134  10:43  SCV  
  134  10:44  Marauder x4, Marine x4  
  134  10:45  Marine x2  
  138  10:58  Liberator x2  
  138  11:01  SCV x2  
  138  11:02  SCV x2, Marine x6  
  154  11:04  Refinery  
  154  11:05  Refinery, Marauder x4  
  162  11:12  Armory  
  162  11:13  SCV  
  162  11:14  SCV  
  164  11:20  Marine x3  
  167  11:26  Marauder  
  167  11:27  Marauder x3  
  174  11:39  Supply Depot  
  174  11:41  Liberator x2  
  180  11:48  Marauder x4  
  188  12:02  Supply Depot  
  188  12:06  Marine x4  
  192  12:09  Marauder  
  192  12:10  Marauder x3  
Show
View Real Time Build Order
Export as new Build Order

qqq Protoss - Winner!

Build Orders: Carriers 

Get SALT Encoding   

  12  0:00  Probe  
  13  0:14  Pylon  
  13  0:19  Probe  
  14  0:31  Probe  
  15  0:43  Probe  
  15  0:47  Pylon  
  16  0:54  Pylon  
  16  0:55  Probe  
  17  1:08  Pylon  
  17  1:16  Pylon  
  17  1:17  Pylon  
  17  1:20  Probe  
  18  1:32  Probe  
  18  1:45  Probe  
  18  1:46  Nexus  
  19  1:55  Gateway  
  19  2:05  Pylon  
  19  2:08  Probe (Chrono Boost)  
  20  2:18  Assimilator  
  20  2:20  Probe (Chrono Boost), Assimilator  
  21  2:29  Probe (Chrono Boost)  
  22  2:35  Probe  
  23  2:43  Cybernetics Core  
  23  2:52  Probe (Chrono Boost)  
  24  3:01  Zealot  
  24  3:02  Probe (Chrono Boost)  
  24  3:03  Nexus  
  28  3:06  Probe (Chrono Boost)  
  28  3:07  Probe (Chrono Boost)  
  29  3:17  Probe  
  29  3:18  Probe  
  31  3:28  Stalker  
  31  3:29  Probe  
  34  3:36  Stargate  
  34  3:52  Probe  
  34  3:53  Probe  
  36  3:57  Assimilator  
  36  4:02  Stargate  
  36  4:05  Probe x2  
  38  4:11  Pylon  
  38  4:12  Forge  
  38  4:17  Probe x2  
  40  4:29  Probe, Pylon  
  40  4:30  Pylon  
  41  4:37  Phoenix (Chrono Boost)  
  43  4:39  Probe x2  
  43  4:40  Assimilator  
  43  4:41  Probe  
  46  4:47  Phoenix (Chrono Boost)  
  46  4:51  Probe x2  
  50  4:53  Probe  
  50  4:59  Phoenix (Chrono Boost)  
  53  5:04  Probe  
  53  5:05  Phoenix (Chrono Boost)  
  53  5:06  Probe  
  57  5:07  Probe  
  57  5:13  Stalker  
  60  5:16  Probe  
  60  5:18  Phoenix  
  63  5:26  Phoenix  
  63  5:28  Probe  
  66  5:31  Probe x2  
  68  5:37  Assimilator  
  68  5:40  Probe  
  69  5:43  Probe x2, Phoenix  
  73  5:52  Probe, Protoss Air Weapons Level 1 (Chrono Boost)  
  73  5:55  Probe  
  75  6:12  Phoenix x2  
  79  6:46  Phoenix x2  
  83  6:54  Fleet Beacon  
  83  6:55  Probe x3  
  83  6:56  Pylon  
  83  6:59  Assimilator  
  83  7:01  Photon Cannon  
  86  7:04  Pylon  
  86  7:07  Probe x3, Stargate  
  89  7:13  Stargate  
  89  7:19  Probe  
  89  7:20  Phoenix  
  92  7:32  Phoenix  
  92  7:53  Protoss Air Armor Level 1  
  92  7:56  Carrier  
  98  8:05  Zealot  
  106  8:20  Carrier  
  106  8:25  Pylon  
  106  8:27  Pylon  
  106  8:29  Pylon  
  106  8:31  Pylon  
  106  8:32  Zealot  
  106  8:33  Nexus  
  108  8:35  Pylon x2  
  108  8:36  Pylon  
  108  8:38  Pylon  
  108  8:39  Pylon  
  108  8:59  Zealot  
  110  9:07  Carrier x2  
  122  9:17  Probe  
  122  9:26  Zealot  
  122  9:29  Probe  
  125  9:41  Probe  
  126  9:46  Carrier  
  126  9:47  Tempest  
  126  9:48  Photon Cannon  
  126  9:49  Photon Cannon  
  126  9:51  Photon Cannon  
  137  9:53  Probe  
  137  9:54  Photon Cannon, Zealot  
  137  9:56  Photon Cannon  
  140  10:00  Shield Battery  
  140  10:01  Probe  
  140  10:04  Shield Battery  
  141  10:12  Carrier, Protoss Air Weapons Level 2 (Chrono Boost)  
  141  10:13  Probe  
  148  10:25  Probe  
  148  10:27  Nexus  
  149  10:30  Pylon  
  149  10:31  Pylon  
  149  10:34  Pylon  
  147  10:37  Probe, Pylon  
  147  10:41  Pylon  
  144  10:43  Pylon  
  144  10:49  Probe  
  139  11:25  Probe  
  140  11:34  Tempest x2, Carrier x2  
  140  11:37  Probe  
  163  11:49  Photon Cannon  
  163  11:50  Probe  
  163  11:51  Photon Cannon  
  163  11:53  Photon Cannon  
  164  11:54  Photon Cannon  
  164  11:58  Probe, Photon Cannon x2  
  164  12:00  Shield Battery  
  165  12:02  Probe, Shield Battery  
  165  12:04  Shield Battery  
  165  12:07  Photon Cannon  
  166  12:09  Photon Cannon  
  166  12:11  Probe  
  166  12:14  Probe, Photon Cannon  
  180  12:23  Probe  
  180  12:26  Probe (Chrono Boost)  
Tags
 
Add a new tag
Caveats
  • Supply blocks, unpowered buildings, or Contaminate may cause inaccurate times.
  • Supply counts are checked every 10 seconds.